 Dungeon Crawl Stone Soup version 0.17-a0-1262-gd250d98 (webtiles) character file.

105 Raurakos the Slasher (level 4, 0/29 HPs)
             Began as a High Elf Warper on June 6, 2015.
             Slain by a hound (3 damage)
             ... on level 3 of the Dungeon.
             The game lasted 00:16:59 (4696 turns).

Raurakos the Slasher (High Elf Warper)              Turns: 4696, Time: 00:16:59

Health: 0/29       AC:  3    Str: 10    XL:     4   Next: 54%
Magic:  7/8        EV: 13    Int: 17    God:
Gold:   201        SH:  0    Dex: 15    Spells: 3 memorised, 2 levels left

rFire  + . .     SeeInvis .     a - +0 falchion
rCold  . . .     Clarity  .     u - +0 leather armour
rNeg   . . .     SustAt   .     (no shield)
rPois  .         Gourm    .     (no helmet)
rElec  .         Spirit   .     (no cloak)
rCorr  +         Warding  .     (no gloves)
rMut   .         Stasis   .     (no boots)
MR     +....                    j - amulet of resist corrosion
Stlth  +.........               s - ring of protection from magic
                                n - ring of protection from fire

@: somewhat resistant to hostile enchantments, very unstealthy
A: no striking features
a: no special abilities


You were on level 3 of the Dungeon.
You were hungry.

You visited 1 branch of the dungeon, and saw 4 of its levels.

You collected 201 gold pieces.

Inventory:

Hand weapons
 a - a +0 falchion (weapon)
 b - a +0 hunting sling
Missiles
 e - 5 tomahawks of dispersal
 f - a tomahawk
 g - 19 sling bullets of frost
 h - 72 stones (quivered)
Armour
 u - a +0 leather armour (worn)
Jewellery
 j - an amulet of resist corrosion (around neck)
 m - an uncursed amulet of faith
 n - a ring of protection from fire (left hand)
 s - a ring of protection from magic (right hand)
Scrolls
 d - 3 scrolls of blinking
 i - a scroll of immolation {unknown}
 k - 5 scrolls of identify {unknown}
 l - a scroll of remove curse {unknown}
 r - a scroll of fog {unknown}
 t - 3 scrolls of recharging
 v - 3 scrolls of fear {unknown}
 w - 3 scrolls of random uselessness {unknown}
 x - a scroll of enchant armour {unknown}
Potions
 o - 2 potions of heal wounds {unknown}
 p - a potion of lignification {unknown}
 q - a potion of agility {unknown}
 A - a potion of curing {unknown}
Books
 c - a book of Spatial Translocations

   Spells                             Type                      Level
   a - Apportation                    Translocation                1
   b - Blink                          Translocation                2
   c - Shroud of Golubria             Charms/Translocation         2
   d - Portal Projectile              Translocation                3
   e - Teleport Other                 Translocation                3
   f - Passage of Golubria            Translocation                4
Comestibles
 z - a chunk of flesh


   Skills:
 - Level 2.0 Fighting
 - Level 4.0 Long Blades
 - Level 1.1 Throwing
 - Level 0.8 Armour
 - Level 4.0 Dodging
 - Level 2.4 Spellcasting
 + Level 3.8 Translocations


You had 2 spell levels left.
You knew the following spells:

 Your Spells              Type           Power        Failure   Level  Hunger
a - Apportation           Tloc           ###.......   8%          1    #......
b - Blink                 Tloc           N/A          12%         2    ##.....
c - Shroud of Golubria    Chrm/Tloc      #.........   17%         2    ##.....


Dungeon Overview and Level Annotations

Branches:
Dungeon (4/15)
 Temple: D:4-7

Altars:
Sif Muna

Annotations:
D:4 Kidiri's ghost, average MiFi


Message History

The hound bites you but does no damage. x2
You hit the hound.
The hound is severely wounded.
The hound barely misses you.
You barely miss the hound.
The hound is severely wounded.
The hound misses you. The hound bites you but does no damage.
You hit the hound.
The hound is severely wounded.
The hound barely misses you. The hound bites you.
* * * LOW HITPOINT WARNING * * *
Your leather armour prevents you from hitting the hound.
The hound is severely wounded.
The hound misses you.
You closely miss the hound.
The hound is severely wounded.
The hound bites you.
* * * LOW HITPOINT WARNING * * *
The hound bites you.
You die...

#.# #.# #.. #.# #####
##########.# ....
............. #.
#..##.##########.#
#.#####........# #.#
.......@........ #.#
......h.(....... #..
######.......... #.#
#P...#.....(....####P#.#
#.P..#...##+###..##PP#.#
##.P.#...##....o..#P.#..
##PP#...##..# #..#P.#..
#####....#..# #..# #..
.........#..# ##.# #..


You could see a hound.

Vanquished Creatures
  2 adders
  2 giant geckos
  11 orcs
  3 bats
  3 giant cockroaches
  11 goblins
  8 hobgoblins
  6 jackals (D:2)
  10 kobolds
  4 giant newts
  11 rats
71 creatures vanquished.

Notes
Turn   | Place    | Note
--------------------------------------------------------------
     0 | D:1      | Raurakos the High Elf Warper began the quest for the Orb.
     0 | D:1      | Reached XP level 1. HP: 14/14 MP: 4/4
   667 | D:1      | Reached XP level 2. HP: 19/19 MP: 6/6
   671 | D:1      | Learned a level 2 spell: Blink
   969 | D:1      | Reached skill level 4 in Long Blades
  1338 | D:2      | Reached XP level 3. HP: 24/24 MP: 7/7
  1342 | D:2      | Learned a level 2 spell: Shroud of Golubria
  1830 | D:3      | Noticed an ogre
  2927 | D:2      | Reached XP level 4. HP: 9/29 MP: 3/8
  3453 | D:2      | Found a deep blue altar of Sif Muna.
  4684 | D:4      | Noticed Kidiri's ghost (average MiFi)
  4696 | D:3      | Slain by a hound

Vault maps used:
D:1:      sevenhm_arrival_forest_fort_large_4
D:2:      led_sif_pool, serial_glass, glass_columns_c, glass_columns_b
D:3:      serial_aquarium, aquarium_bridge_square,
          aquarium_bridge_long_separate, aquarium_window_1,
          aquarium_window_corner, aquarium_view_2d, aquarium_view_2d
D:4:      minmay_temple_entry_fiery, first_bread, serial_bayou,
          serial_bayou_pond_e, serial_bayou_lagoon_b, serial_bayou_pond_d,
          serial_bayou_shore_a

Action                   |  1- 3 |  4- 6 || total
-------------------------+-------+-------++-------
Melee: Falchion          |   189 |    60 ||   249
Throw: Stone             |    31 |     3 ||    34
 Cast: Shroud of Golubri |     4 |     5 ||     9
       Blink             |     2 |       ||     2
  Use: Scroll            |     1 |       ||     1
 Stab: Sleeping          |     1 |       ||     1
  Eat: Chunk             |     6 |     2 ||     8
       Bread ration      |       |     1 ||     1
